 Dungeon Crawl Stone Soup version 0.28.0-47-ge53b351184 (webtiles) character file.

Game seed: 16946206074903763487

11 Bruhh the Ruffian (level 2, -1/26 HPs)
             Began as a Troll Transmuter on Apr 30, 2022.
             Slain by a shadow imp (4 damage)
             ... summoned by Natasha
             ... on level 2 of the Dungeon.
             The game lasted 00:00:57 (586 turns).

Bruhh the Ruffian (Troll Transmuter)                 Turns: 586, Time: 00:00:58

Health: -1/26      AC:  4    Str: 17    XL:     2   Next: 13%
Magic:  2/2        EV:  9    Int:  9    God:
Gold:   27         SH:  0    Dex: 10    Spells: 2/3 levels left

rFire   . . .      SeeInvis .     - Unarmed
rCold   . . .      Faith    .   (no shield)
rNeg    . . .      Spirit   .   a - +0 robe
rPois   .          Reflect  .   (helmet restricted)
rElec   .          Harm     .   (no cloak)
rCorr   .          Rampage  .   (gloves unavailable)
Will    .....                   (boots unavailable)
Stlth   +.........              (no amulet)
HPRegen 0.88/turn               (no ring)
MPRegen 0.08/turn               (no ring)

@: no status effects
A: large, unfitting armour, claws 3, regeneration 1, shaggy fur 1, tough skin 1
a: no special abilities


You were on level 2 of the Dungeon.
You visited 1 branch of the dungeon, and saw 2 of its levels.

You collected 27 gold pieces.

Inventory:

Armour
 a - a +0 robe (worn)
Scrolls
 b - a scroll of fear {unknown}
 d - a scroll of identify {unknown}
 f - a scroll of vulnerability {unknown}
Potions
 c - 2 potions of berserk rage {unknown}
 e - a potion of might {unknown}


   Skills:
 - Level 0.7 Fighting
 - Level 1.5 Dodging
 + Level 3.6 Unarmed Combat
 - Level 1.2 Spellcasting
 - Level 1.3 Transmutations


You had 2 spell levels left.
You knew the following spells:

 Your Spells              Type           Power      Damage    Failure   Level
a - Beastly Appendage     Tmut           6%         N/A       21%         1

Your spell library contained the following spells:

 Spells                   Type           Power      Damage    Failure   Level
 Wereblood                Tmut           3%         N/A       30%         2
 Spider Form              Tmut/Pois      1%         N/A       63%         3
 Ice Form                 Ice/Tmut       1%         N/A       95%         4
 Summon Forest            Summ/Tloc      0%         N/A       100%        5
 Eringya's Noxious Bog    Tmut/Pois      0%         N/A       100%        6
 Summon Hydra             Summ           0%         N/A       100%        7


Dungeon Overview and Level Annotations

Branches:
Dungeon (2/15)

Altars:

Annotations:
D:2 Natasha


Innate Abilities, Weirdness & Mutations

You are too large for most types of armour.
You have claws for hands.
Your natural rate of healing is unusually fast.
You are covered in fur. (AC +1)
You have tough skin. (AC +1)


Message History

A bat is nearby!
Natasha, Servant of Life and Death comes into view.
Found a bubbling ruby potion.
Natasha hisses angrily.
The bat hits you but does no damage.
You claw the bat!
You kill the bat!
Natasha claws you!
You see here a bat corpse.
You closely miss Natasha.
Natasha casts a spell.
You closely miss Natasha.
Natasha mumbles some strange words.
The shadow imp misses you.
You closely miss Natasha. Natasha closely misses you.
You scratch Natasha.
Natasha is lightly wounded.
The shadow imp hits you. Natasha closely misses you.
You barely miss Natasha. Your claw misses Natasha.
Natasha is lightly wounded.
The white imp barely misses you.
The shadow imp hits you but does no damage.
Natasha barely misses you.
You barely miss Natasha.
Natasha is lightly wounded.
The white imp hits you but does no damage.
The shadow imp barely misses you. Natasha claws you.
You scratch Natasha but do no damage.
Natasha is lightly wounded.
The white imp gestures at you. The puff of frost misses you.
The puff of frost hits the shadow imp.
The shadow imp resists.
The shadow imp hits you.
You miss Natasha.
Natasha is lightly wounded.
Natasha barely misses you. The white imp gestures at you.
The puff of frost hits you!
* * * LOW HITPOINT WARNING * * *
The shadow imp hits you.
You die...

#.......###.#
######......#
#...####
#...######..
#..........[
#####...#####...
##...........#.
!.:.....5.......
##.....@.....#.#
###..5h...###
#.#.........
#.#...#.#### #
#...#.# ##.##.#
... ###


You could see Natasha, a white imp (summoned) and a shadow imp (summoned).

Vanquished Creatures
  A ball python (D:1)
  A bat (D:2)
  2 endoplasms (D:1)
  A giant cockroach (D:1)
  2 goblins (D:1)
  A frilled lizard (D:1)
  A kobold (D:1)
9 creatures vanquished.

Notes
Turn   | Place    | Note
-------+----------+-------------------------------------------
     0 | D:1      | Bruhh the Troll Transmuter began the quest for the Orb.
     0 | D:1      | Reached XP level 1. HP: 18/18 MP: 1/1
   103 | D:1      | Found a faded altar of an unknown god.
   230 | D:1      | Reached XP level 2. HP: 20/26 MP: 2/2
   575 | D:2      | Noticed Natasha
   586 | D:2      | Slain by a shadow imp

Illustrated notes

Levels and vault maps discovered:
D:1:      minmay_arrival_arboretum_small, layout_basic, basic_ecumenical_altar
D:2:      layout_loops_cross, uniq_sigmund, uniq_natasha

Action                   || total
-------------------------++-------
Melee: Unarmed           ||    27
Armor: Robe              ||    10
Dodge: Dodged            ||    14
